 Dungeon Crawl Stone Soup version 0.29.0-4-gdea44cf6ec (webtiles) character file.

Game seed: 18375476095572187243

2790 qw the Cleaver (level 9, 0/79 HPs)
             Began as a Minotaur Berserker on Sept 9, 2022.
             Was an Elder of Trog.
             Engulfed by a cloud of flame (3 damage)
             ... on level 7 of the Dungeon.
             The game lasted 00:02:48 (8521 turns).

qw the Cleaver (Minotaur Berserker)                 Turns: 8521, Time: 00:02:49

Health: 0/79       AC: 18    Str: 25    XL:     9   Next: 43%
Magic:  8/8        EV:  8    Int:  4    God:    Trog [****..]
Gold:   477        SH:  0    Dex: 11    Spells: 8/8 levels left

rFire   + . .      SeeInvis .   Y - +0 broad axe
rCold   + . .      Faith    .   (no shield)
rNeg    . . .      Spirit   .   g - +0 plate armour
rPois   .          Reflect  .   (helmet restricted)
rElec   .          Harm     .   (no cloak)
rCorr   .          Rampage  .   i - +2 pair of gloves
Will    .....                   a - +1 pair of boots {Fly}
Stlth   ..........              (no amulet)
HPRegen 0.23/turn               b - ring of protection from cold
MPRegen 0.11/turn               (no ring)

@: flying
A: horns 2, retaliatory headbutt, fire resistance 1
a: Renounce Religion, Berserk, Trog's Hand, Brothers in Arms


You were on level 7 of the Dungeon.
You worshipped Trog.
Trog was greatly pleased with you.
You visited 1 branch of the dungeon, and saw 7 of its levels.

You collected 477 gold pieces.


Innate Abilities, Weirdness & Mutations

You have a pair of horns on your head.
You reflexively headbutt those who attack you in melee.
Your flesh is heat resistant. (rF+)


   Skills:
 - Level 7.1 Fighting
 - Level 13.0 Axes
 - Level 1.4 Throwing
 + Level 6.8 Armour
 - Level 2.1 Dodging


You had 8 spell levels left.
You didn't know any spells.
Your spell library was empty.

Inventory:

Hand Weapons
 n - a +0 morningstar
 Y - a +0 broad axe (weapon)
Missiles
 d - a boomerang (quivered)
Armour
 a - a +1 pair of boots of flying (worn)
 g - a +0 plate armour (worn)
 i - a +2 pair of gloves (worn)
Jewellery
 b - a ring of protection from cold (left hand)
Scrolls
 f - 2 scrolls of identify
Potions
 c - a potion of haste
 e - a potion of cancellation
 m - a potion of mutation
 o - 3 potions of heal wounds

Dungeon Overview and Level Annotations

Branches:
Dungeon (7/15)             Temple (0/1) D:6

Altars:
Qazlal
Sif Muna
Uskayaw

Annotations:
D:3 1 runed translucent door, Crazy Yiuf


Message History

You are engulfed in blazing flames.
You resist.
You're standing in a cloud of flame!
You are engulfed in blazing flames.
You resist.
You're standing in a cloud of flame!
You are engulfed in blazing flames.
You resist.
You're standing in a cloud of flame!
You are engulfed in blazing flames.
You resist.
You're standing in a cloud of flame!
You are engulfed in blazing flames.
You resist.
You're standing in a cloud of flame!
You are engulfed in blazing flames.
You resist.
You're standing in a cloud of flame!
You are engulfed in blazing flames.
You resist.
You're standing in a cloud of flame!
You are engulfed in blazing flames.
You resist.
You're standing in a cloud of flame!
You are engulfed in blazing flames.
You resist.
You start resting.
You're standing in a cloud of flame!
You're standing in a cloud of flame!
You are engulfed in blazing flames.
You resist.
You're standing in a cloud of flame!
You are engulfed in blazing flames.
You resist.
You're standing in a cloud of flame!
You are engulfed in blazing flames.
You resist.
You're standing in a cloud of flame!
You are engulfed in blazing flames.
You resist.
You're standing in a cloud of flame!
You are engulfed in blazing flames.
You resist.
You're standing in a cloud of flame!
You are engulfed in blazing flames.
You resist.
You start resting.
You are engulfed in blazing flames.
You resist.
You're standing in a cloud of flame!
You are engulfed in blazing flames.
You resist.
You're standing in a cloud of flame!
You are engulfed in blazing flames.
You resist.
You're standing in a cloud of flame!
You are engulfed in blazing flames.
You resist.
You die...

)''##~...##...000............# #.
~~)~~~...##.####.####........###.
~~~~~~......# #¤# #........'>..
............# ##¤## #........#.##
#.##.....000#########........#.#
........0.00¤¤¤#8#¤0.........#.#
.........000#########........#.#
.....###..)0# #¤# #........#)##
.....# #...0# #@# #[[......#<..
.....# ####.####¤####........#.##
.....# #.......)..........#.#
.....# ###.....############.#
.....# ###..## ##.## .....# ##.#
#.... .....### #.######### ##.##
.......# #.........# #.##
.......# #.........# #.##


There were no monsters in sight!

Vanquished Creatures
  Pikel (D:7)
  A kobold demonologist (D:6)
  2 water moccasins (D:7)
  An ice beast (D:7)
  A sky beast (D:7)
  An ogre (D:4)
  A centaur (D:7)
  3 lemures (D:6)
  2 phantoms
  Blork the orc (D:5)
  2 bullfrogs
  3 scorpions (D:6)
  A gnoll sergeant (D:6)
  3 killer bees (D:7)
  4 hounds
  A gnoll bouda (D:5)
  A jelly (D:4)
  3 orc priests (D:6)
  Jessica (D:3)
  Ijyb (D:4)
  Terence (D:3)
  An iguana (D:5)
  7 orc wizards
  7 gnolls
  8 adders
  A shadow imp (D:6)
  2 white imps
  An ufetubus (D:6)
  A worm (D:3)
  2 dart slugs
  13 orcs
  11 ball pythons
  11 endoplasms
  6 giant cockroaches
  10 goblins
  8 hobgoblins
  4 jackals
  7 quokkas
  3 bats
  3 frilled lizards
  A goblin zombie (D:6)
  7 kobolds
  A quokka zombie (D:6)
  9 rats
159 creatures vanquished.

Vanquished Creatures (others)
  2 orc wizards (D:7)
  An orc (D:7)
  7 plants (D:3)
10 creatures vanquished.

Grand Total: 169 creatures vanquished

Notes
Turn   | Place    | Note
-------+----------+-------------------------------------------
     0 | D:1      | qw the Minotaur Berserker began the quest for the Orb.
     0 | D:1      | Reached XP level 1. HP: 19/19 MP: 0/0
     0 | D:1      | 0 ||| qw: Version: 0.1-a-113-g051387a
     0 | D:1      | 0 ||| qw: Game counter: 7038
     0 | D:1      | 0 ||| qw: Always use a shield: true
     0 | D:1      | 0 ||| qw: Do Orc after D:15 true
     0 | D:1      | 0 ||| qw: Do second Lair branch before Depths: true
     0 | D:1      | 0 ||| qw: Lair rune preference: random
     0 | D:1      | 0 ||| qw: Plans: Normal
     0 | D:1      | 0 ||| PLANNING D:1-11
   115 | D:1      | Reached skill level 4 in Axes
   141 | D:1      | 141 ||| INVOKING Berserk.
   348 | D:1      | Reached XP level 2. HP: 26/26 MP: 1/1
   357 | D:1      | 357 ||| Stepping ~*~*~tactically~*~*~ (stealth).
   365 | D:1      | 365 ||| Stepping ~*~*~tactically~*~*~ (stealth).
   378 | D:1      | 378 ||| Stepping ~*~*~tactically~*~*~ (stealth).
   411 | D:1      | 411 ||| Stepping ~*~*~tactically~*~*~ (stealth).
   462 | D:1      | 462 ||| Stepping ~*~*~tactically~*~*~ (stealth).
   803 | D:1      | Found a faded altar of an unknown god.
  1125 | D:1      | 1125 ||| UPGRADING to +0 ring mail.
  1135 | D:1      | 1135 ||| DROPPING +0 animal skin.
  1136 | D:1      | 1136 ||| UPGRADING to +1 pair of gloves.
  1141 | D:1      | 1141 ||| READING scroll labelled XIDIESTRILY.
  1142 | D:1      | 1142 ||| READING scroll labelled HEBUEDO TUHI.
  1143 | D:1      | 1143 ||| READING scroll labelled BUECHO QOUSAS.
  1144 | D:1      | 1144 ||| READING scroll labelled QAIPAU UDDAHI.
  1145 | D:1      | 1145 ||| DRINKING 2 glowing black potions.
  1146 | D:1      | 1146 ||| DROPPING potion of brilliance.
  1192 | D:2      | Found a shimmering blue altar of Sif Muna.
  1193 | D:2      | 1193 ||| Stepping ~*~*~tactically~*~*~ (hiding).
  1201 | D:2      | 1201 ||| INVOKING Berserk.
  1203 | D:2      | Reached skill level 5 in Axes
  1205 | D:2      | Reached XP level 3. HP: 21/31 MP: 2/2
  1245 | D:2      | 1245 ||| FLEEEEING.
  1246 | D:2      | 1246 ||| FLEEEEING.
  1247 | D:2      | 1247 ||| STAIRDANCE
  1367 | D:2      | 1367 ||| STAIRDANCE
  1506 | D:2      | Noticed a phantom
  1507 | D:2      | 1507 ||| Stepping ~*~*~tactically~*~*~ (stealth).
  1547 | D:2      | 1547 ||| FLEEEEING.
  1622 | D:2      | Killed a phantom
  1623 | D:2      | Reached skill level 6 in Axes
  1623 | D:2      | Reached XP level 4. HP: 21/39 MP: 3/3
  1798 | D:2      | Reached ** piety under Trog
  1852 | D:2      | 1852 ||| Stepping ~*~*~tactically~*~*~ (stealth).
  1872 | D:2      | 1872 ||| Stepping ~*~*~tactically~*~*~ (stealth).
  1961 | D:2      | Reached skill level 7 in Axes
  1961 | D:2      | Reached XP level 5. HP: 42/45 MP: 4/4
  2157 | D:2      | 2157 ||| READING scroll of enchant armour.
  2157 | D:2      | 2157 ||| ENCHANTING +1 pair of gloves.
  2213 | D:2      | Identified the +1 robe of Otugischi {rN+}
  2265 | D:2      | 2265 ||| DROPPING +1 robe of Otugischi {rN+}.
  2266 | D:2      | 2266 ||| READING scroll labelled PEDURH JIFUA.
  2267 | D:2      | 2267 ||| READING scroll labelled GEAPNO SEGOAQI.
  2268 | D:2      | 2268 ||| READING scroll labelled XEES ZAIDWO.
  2369 | D:2      | 2369 ||| DRINKING 2 green potions.
  2370 | D:2      | 2370 ||| DROPPING potion of flight.
  2428 | D:3      | 2428 ||| Stepping ~*~*~tactically~*~*~ (stealth).
  2576 | D:3      | 2576 ||| Stepping ~*~*~tactically~*~*~ (hiding).
  2587 | D:3      | 2587 ||| Stepping ~*~*~tactically~*~*~ (stealth).
  2641 | D:3      | Noticed Terence
  2645 | D:3      | 2645 ||| INVOKING Berserk.
  2650 | D:3      | Killed Terence
  2769 | D:3      | 2769 ||| DROPPING +0 club.
  3015 | D:3      | Found a runed translucent door.
  3016 | D:3      | Noticed Crazy Yiuf
  3228 | D:3      | Noticed Jessica
  3237 | D:3      | Killed Jessica
  3420 | D:3      | 3420 ||| Stepping ~*~*~tactically~*~*~ (stealth).
  3425 | D:3      | 3425 ||| Stepping ~*~*~tactically~*~*~ (stealth).
  3667 | D:3      | 3667 ||| UPGRADING to +0 plate armour.
  3677 | D:3      | 3677 ||| DROPPING +0 ring mail.
  3678 | D:3      | 3678 ||| READING scroll labelled ETEUFO BUEDEDD.
  3679 | D:3      | 3679 ||| READING scroll labelled YPLIPO YPOHUCE.
  3679 | D:3      | Identified a scroll of acquirement
  3679 | D:3      | 3679 ||| ACQUIRING +1 pair of boots of flying
  3679 | D:3      | Acquired a +1 pair of boots of flying
  3681 | D:3      | 3681 ||| UPGRADING to +1 pair of boots of flying.
  3686 | D:3      | 3686 ||| READING 2 scrolls labelled DYLEXETH XUNINWEE.
  3687 | D:3      | 3687 ||| READING scroll labelled KACY LIKHLEREERUYNU.
  3707 | D:3      | 3707 ||| DRINKING 2 smoky puce potions.
  3708 | D:3      | 3708 ||| DRINKING 2 cyan potions.
  3709 | D:3      | 3709 ||| READING 2 scrolls of identify.
  3709 | D:3      | 3709 ||| IDENTIFYING white potion
  3710 | D:3      | 3710 ||| DROPPING potion of degeneration.
  3711 | D:3      | 3711 ||| DROPPING potion of berserk rage.
  3712 | D:3      | 3712 ||| DROPPING scroll of noise.
  3766 | D:4      | Noticed a water elemental
  3772 | D:4      | 3772 ||| INVOKING Berserk.
  3776 | D:4      | Reached skill level 3 in Armour
  3776 | D:4      | Reached XP level 6. HP: 52/52 MP: 5/5
  3789 | D:4      | 3789 ||| STAIRDANCE
  4009 | D:4      | 4009 ||| Stepping ~*~*~tactically~*~*~ (stealth).
  4015 | D:4      | Reached skill level 8 in Axes
  4045 | D:4      | Noticed a fire elemental
  4047 | D:4      | Found a stormy altar of Qazlal.
  4049 | D:4      | Noticed an air elemental
  4074 | D:4      | 4074 ||| INVOKING Berserk.
  4289 | D:4      | 4289 ||| SWAPPING to +0 war axe.
  4290 | D:4      | 4290 ||| DROPPING +1 hand axe.
  4378 | D:4      | 4378 ||| Stepping ~*~*~tactically~*~*~ (stealth).
  4394 | D:4      | 4394 ||| Stepping ~*~*~tactically~*~*~ (stealth).
  4395 | D:4      | 4395 ||| Stepping ~*~*~tactically~*~*~ (stealth).
  4417 | D:4      | 4417 ||| Stepping ~*~*~tactically~*~*~ (stealth).
  4419 | D:4      | 4419 ||| Stepping ~*~*~tactically~*~*~ (stealth).
  4420 | D:4      | 4420 ||| Stepping ~*~*~tactically~*~*~ (stealth).
  4421 | D:4      | 4421 ||| Stepping ~*~*~tactically~*~*~ (stealth).
  4434 | D:4      | Noticed Ijyb
  4435 | D:4      | 4435 ||| DRINKING potion of curing.
  4435 | D:4      | 4435 ||| (to cure confusion)
  4449 | D:4      | 4449 ||| INVOKING Berserk.
  4450 | D:4      | Killed Ijyb
  4809 | D:4      | 4809 ||| READING scroll labelled EFATUA TIOCIK.
  4810 | D:4      | 4810 ||| READING scroll labelled XOSEFA OCAWUE.
  4811 | D:4      | 4811 ||| DRINKING 2 bubbling white potions.
  4812 | D:4      | 4812 ||| READING 4 scrolls of identify.
  4812 | D:4      | 4812 ||| IDENTIFYING viscous ruby potion
  4813 | D:4      | 4813 ||| READING 3 scrolls of identify.
  4813 | D:4      | 4813 ||| IDENTIFYING coppery potion
  4814 | D:4      | 4814 ||| DROPPING potion of lignification.
  4815 | D:4      | 4815 ||| DROPPING potion of attraction.
  4816 | D:4      | 4816 ||| Stepping randomly (stuck).
  4817 | D:4      | 4817 ||| Stepping ~*~*~tactically~*~*~ (cloud).
  4988 | D:5      | Entered Level 5 of the Dungeon
  4989 | D:5      | 4989 ||| STAIRDANCE
  4991 | D:4      | 4991 ||| INVOKING Berserk.
  5114 | D:5      | 5114 ||| Stepping ~*~*~tactically~*~*~ (stealth).
  5116 | D:5      | 5116 ||| Stepping ~*~*~tactically~*~*~ (stealth).
  5117 | D:5      | 5117 ||| Stepping ~*~*~tactically~*~*~ (stealth).
  5118 | D:5      | 5118 ||| Stepping ~*~*~tactically~*~*~ (hiding).
  5119 | D:5      | 5119 ||| Stepping ~*~*~tactically~*~*~ (hiding).
  5120 | D:5      | 5120 ||| INVOKING Berserk.
  5257 | D:5      | 5257 ||| Stepping ~*~*~tactically~*~*~ (stealth).
  5258 | D:5      | 5258 ||| Stepping ~*~*~tactically~*~*~ (stealth).
  5259 | D:5      | 5259 ||| Stepping ~*~*~tactically~*~*~ (stealth).
  5262 | D:5      | 5262 ||| INVOKING Berserk.
  5263 | D:5      | Noticed Blork the orc
  5271 | D:5      | Reached XP level 7. HP: 59/59 MP: 6/6
  5275 | D:5      | Killed Blork the orc
  5377 | D:5      | 5377 ||| Stepping ~*~*~tactically~*~*~ (stealth).
  5384 | D:5      | Reached skill level 9 in Axes
  5388 | D:5      | 5388 ||| SWAPPING to +0 broad axe.
  5389 | D:5      | 5389 ||| DROPPING +0 war axe.
  5405 | D:5      | Identified the +7 sling of Causality {venom, Will+ rCorr
                  | Dex+3}
  5406 | D:5      | 5406 ||| Stepping ~*~*~tactically~*~*~ (stealth).
  5436 | D:5      | 5436 ||| FLEEEEING.
  5437 | D:5      | 5437 ||| FLEEEEING.
  5438 | D:5      | 5438 ||| FLEEEEING.
  5452 | D:5      | Reached *** piety under Trog
  5763 | D:5      | 5763 ||| READING 2 scrolls of identify.
  5763 | D:5      | 5763 ||| IDENTIFYING inky potion
  5790 | D:6      | 5790 ||| PLANNING OSSUARY
  5804 | D:6      | 5804 ||| INVOKING Berserk.
  5810 | D:6      | HP: 21/91 [gnoll/+0 spear[a gnoll sergeant] (5)]
  5816 | D:6      | HP: 13/91 [shadow imp/nerve-wracking pain (9)]
  6091 | D:6      | 6091 ||| Stepping ~*~*~tactically~*~*~ (stealth).
  6092 | D:6      | 6092 ||| Stepping ~*~*~tactically~*~*~ (stealth).
  6104 | D:6      | Reached skill level 10 in Axes
  6112 | D:6      | Reached skill level 1 in Throwing
  6112 | D:6      | Reached XP level 8. HP: 59/68 MP: 7/7
  6167 | D:6      | Found a hide-covered altar of Uskayaw.
  6168 | D:6      | 6168 ||| Stepping ~*~*~tactically~*~*~ (hiding).
  6227 | D:6      | Found a staircase to the Ecumenical Temple.
  6232 | D:6      | 6232 ||| Stepping ~*~*~tactically~*~*~ (stealth).
  6254 | D:6      | 6254 ||| INVOKING Berserk.
  6265 | D:6      | Reached skill level 6 in Fighting
  6373 | D:6      | 6373 ||| DROPPING +0 flail.
  6402 | D:6      | 6402 ||| RIP OSSUARY
  6425 | D:6      | 6425 ||| PLANNING D:1-11
  6430 | D:6      | 6430 ||| Stepping ~*~*~tactically~*~*~ (stealth).
  6639 | D:6      | Noticed a kobold demonologist
  6642 | D:6      | Noticed a rust devil
  6647 | D:6      | Killed a kobold demonologist
  6648 | D:6      | Reached skill level 11 in Axes
  6840 | D:6      | 6840 ||| READING scroll labelled QOQYITHREREOC.
  6841 | D:6      | 6841 ||| READING scroll labelled DIAL WUSOYT LIROE.
  7000 | D:6      | 7000 ||| READING 2 scrolls of identify.
  7000 | D:6      | 7000 ||| IDENTIFYING sapphire potion
  7001 | D:6      | 7001 ||| DROPPING potion of magic.
  7017 | D:7      | 7017 ||| STAIRDANCE
  7028 | D:7      | 7028 ||| STAIRDANCE
  7035 | D:7      | 7035 ||| STAIRDANCE
  7045 | D:7      | Noticed Pikel
  7046 | D:7      | 7046 ||| STAIRDANCE
  7192 | D:7      | 7192 ||| INVOKING Berserk.
  7194 | D:7      | Killed Pikel
  7195 | D:7      | Reached skill level 12 in Axes
  7195 | D:7      | Reached XP level 9. HP: 75/75 MP: 8/8
  7205 | D:7      | 7205 ||| STAIRDANCE
  7322 | D:7      | 7322 ||| Stepping ~*~*~tactically~*~*~ (stealth).
  7384 | D:7      | 7384 ||| Stepping ~*~*~tactically~*~*~ (stealth).
  7386 | D:7      | 7386 ||| Stepping ~*~*~tactically~*~*~ (stealth).
  7417 | D:7      | Reached skill level 6 in Armour
  7435 | D:7      | 7435 ||| Stepping ~*~*~tactically~*~*~ (hiding).
  7456 | D:7      | 7456 ||| UPGRADING to ring of protection from cold.
  7457 | D:7      | 7457 ||| READING scroll of teleportation.
  7458 | D:7      | 7458 ||| FLEEEEING.
  7459 | D:7      | 7459 ||| FLEEEEING.
  7460 | D:7      | 7460 ||| FLEEEEING.
  7461 | D:7      | 7461 ||| FLEEEEING.
  7722 | D:7      | 7722 ||| READING scroll labelled ZOD ARANTAO.
  8043 | D:7      | Reached skill level 13 in Axes
  8314 | D:7      | Reached **** piety under Trog
  8454 | D:7      | 8454 ||| DRINKING 2 sedimented cyan potions.
  8454 | D:7      | Gained mutation: Your muscles are strong. (Str +4, Int/Dex
                  | -1) [potion of mutation]
  8454 | D:7      | Lost mutation: Your muscles are strong. (Str +4, Int/Dex
                  | -1) [potion of mutation]
  8454 | D:7      | Gained mutation: Your flesh is heat resistant. (rF+)
                  | [potion of mutation]
  8455 | D:7      | 8455 ||| Stepping randomly (stuck).
  8483 | D:7      | 8483 ||| Stepping randomly (stuck).
  8484 | D:7      | 8484 ||| Stepping randomly (stuck).
  8490 | D:7      | 8490 ||| Stepping randomly (stuck).
  8491 | D:7      | 8491 ||| Stepping randomly (stuck).
  8492 | D:7      | 8492 ||| Stepping randomly (cloudy).
  8505 | D:7      | HP: 17/79 [something (4)]
  8518 | D:7      | HP: 8/79 [something (7)]
  8520 | D:7      | HP: 3/79 [something (4)]
  8521 | D:7      | Engulfed by a cloud of flame

Levels and vault maps discovered:
D:1:      eino_arrival_cavern_d, layout_loops_ring,
          dreamdust_ecumenical_altar_statues, kennysheep_crisscross
D:2:      minmay_spotlight, layout_rooms, basic_altar, minmay_tree_intersection,
          amcnicky_mini_pool_small, kennysheep_generic_room_6
D:3:      cheibrodos_old_hovel, layout_loops_corners, nicolae_eternal_life,
          uniq_jessica, uniq_crazy_yiuf_cottage, uniq_terence
D:4:      layout_cave_pools, nicolae_qazlal_style_of_elements, uniq_ijyb
D:5:      layout_rooms, uniq_blork_the_orc
D:6:      layout_cave_pools, nicolae_uskayaw_murder_on_the_dancefloor,
          minmay_temple_entry_sparse_star, enter_ossuary_4
D:7:      layout_basic, enter_bailey_4, nicolae_concentric_dashed_squares_mild,
          lemuel_flamethrower_2, uniq_pikel

Skill      XL: |  1  2  3  4  5  6  7  8  9 |
---------------+----------------------------+-----
Axes           | 4 5 6 7 8 10 12 13 | 13.0
Fighting       | 4 5 6 7 |  7.1
Armour         | 3 4 5 6 |  6.8
Throwing       | 1 |  1.4
Dodging        | |  2.1

Action                   |  1- 3 |  4- 6 |  7- 9 || total
-------------------------+-------+-------+-------++-------
Melee: Hand axe          |    87 |   108 |       ||   195
       Headbutt          |     9 |    12 |    28 ||    49
       War axe           |       |    49 |     7 ||    56
       Punch             |       |     1 |     2 ||     3
       Broad axe         |       |       |   182 ||   182
Throw: Boomerang         |       |       |    16 ||    16
Invok: Berserk           |     2 |     7 |     3 ||    12
  Use: Scroll            |     4 |    13 |     6 ||    23
       Potion            |     1 |     5 |     1 ||     7
Armor: Animal skin       |     2 |       |       ||     2
       Ring mail         |    17 |    32 |       ||    49
       Plate armour      |       |    40 |   196 ||   236
Dodge: Dodged            |    41 |    42 |    77 ||   160

Table legend:
 A = Non-vault XP
 B = Vault XP
 C = Vault XP percentage of total XP
 D = Non-vault monster count
 E = Vault monster count
 F = Vault count percentage of total count
                 A         B        C        D         E       F
            +---------+---------+-------+---------+---------+-------
      Total |    3173 |     813 |  20.4 |     140 |      16 |  10.3
            +---------+---------+-------+---------+---------+-------
        D:1 |      34 |       0 |   0.0 |      19 |       0 |   0.0
        D:2 |     181 |       6 |   3.2 |      24 |       3 |  11.1
        D:3 |      76 |      74 |  49.3 |      22 |       3 |  12.0
        D:4 |     211 |      36 |  14.6 |      19 |       1 |   5.0
        D:5 |     371 |      91 |  19.7 |      21 |       1 |   4.5
        D:6 |    1304 |       2 |   0.2 |      24 |       2 |   7.7
        D:7 |     996 |     604 |  37.8 |      11 |       6 |  35.3
            +---------+---------+-------+---------+---------+-------
